PAAA
CALGARY LYNX @ SCRANTON SUPERNOVAS
07/05/2038
 
TOP OF THE 1ST
Calgary Lynx batting - Pitching for Scranton Supernovas : RHP Amando Codes
Pitching: RHP Amando Codes
Batting: LHB Michael Ward 0-0: Ball
1-0: Ground out 4-3 (Groundball, 4, EV 99.4 MPH)
Batting: LHB Andrés Rodríguez 0-0: Called Strike
0-1: Ball
1-1: Ground out 5-3 (Groundball, 5L, EV 106.9 MPH)
Batting: RHB Ralph Sands 0-0: Called Strike
0-1: Called Strike
0-2: Fly out, F6 (Popup, 56D, EV 62.5 MPH)
Top of the 1st over - 0 runs, 0 hits, 0 errors, 0 left on base; Calgary 0 - Scranton 0
BOTTOM OF THE 1ST
Scranton Supernovas batting - Pitching for Calgary Lynx : LHP Ángel Flores
Pitching: LHP Ángel Flores
Batting: RHB Juan Tellado 0-0: Ball
1-0: Ball
2-0: Called Strike
2-1: Ground out 6-3 (Groundball, 6M, EV 78.1 MPH)
Batting: LHB António Casas 0-0: Ball
1-0: Ball
2-0: Ground out U3 (Groundball, 3, EV 111.9 MPH)
Batting: SHB Eugene Clutch 0-0: Called Strike
0-1: Ball
1-1: Swinging Strike
1-2: Fly out, F9 (Flyball, 9S, EV 95.6 MPH)
Bottom of the 1st over - 0 runs, 0 hits, 0 errors, 0 left on base; Calgary 0 - Scranton 0
TOP OF THE 2ND
Calgary Lynx batting - Pitching for Scranton Supernovas : RHP Amando Codes
Batting: RHB Manny Moons 0-0: Called Strike
0-1: Ground out 6-3 (Groundball, 6, EV 91.2 MPH)
Batting: RHB Gabriel Hernández 0-0: Ball
1-0: Ball
2-0: Foul Ball, location: 2F
2-1: Ball
3-1: Swinging Strike
3-2: Ground out 4-3 (Groundball, 4, EV 86.2 MPH)
Batting: RHB Isagani Gorre 0-0: Ball
1-0: Ball
2-0: Ball
3-0: Called Strike
3-1: Base on Balls
Batting: RHB Kevin Malone 0-0: Called Strike
Isagani Gorre steals 2nd base (no throw)
0-1: Swinging Strike
0-2: Ball
1-2: Ground out 1-3 (Groundball, 13, EV 85.6 MPH)
Top of the 2nd over - 0 runs, 0 hits, 0 errors, 1 left on base; Calgary 0 - Scranton 0
BOTTOM OF THE 2ND
Scranton Supernovas batting - Pitching for Calgary Lynx : LHP Ángel Flores
Batting: RHB Felipe Bruno 0-0: Ball
1-0: Foul Ball, location: 2F
1-1: Ball
2-1: Ball
3-1: Base on Balls
Batting: RHB José Rodríguez 0-0: Ball
1-0: Swinging Strike
1-1: Ball
2-1: Grounds into double play, 4-6-3 (Groundball, 4, EV 85.6 MPH)
Batting: RHB Jeff Quesenberry 0-0: Ground out 5-3 (Groundball, 56, EV 103.8 MPH)
Bottom of the 2nd over - 0 runs, 0 hits, 0 errors, 0 left on base; Calgary 0 - Scranton 0
TOP OF THE 3RD
Calgary Lynx batting - Pitching for Scranton Supernovas : RHP Amando Codes
Batting: RHB Bertrand Pick 0-0: SINGLE (Groundball, 4MD, EV 109.4 MPH)
Batting: RHB Gabriel Torres 0-0: Ball
1-0: Swinging Strike
1-1: Fielders Choice at 2nd, 5-4 (Groundball, 56, EV 98.8 MPH)
Batting: LHB Michael Ward 0-0: Called Strike
0-1: Foul Ball, location: 2F
0-2: Fly out, F8 (Flyball, 8LS, EV 94.4 MPH)
Batting: LHB Andrés Rodríguez 0-0: Ball
1-0: Ball
2-0: Called Strike
2-1: Ball
3-1: Base on Balls
Gabriel Torres to second
Batting: RHB Ralph Sands 0-0: Called Strike
0-1: Ball
1-1: Called Strike
1-2: Fly out, F9 (Flyball, 89S, EV 85.6 MPH)
Top of the 3rd over - 0 runs, 1 hit, 0 errors, 2 left on base; Calgary 0 - Scranton 0
BOTTOM OF THE 3RD
Scranton Supernovas batting - Pitching for Calgary Lynx : LHP Ángel Flores
Batting: RHB José Bravo 0-0: SINGLE (Flyball, 89M, EV 91.9 MPH)
Batting: RHB Mike Pate 0-0: Called Strike
0-1: Fly out, F7 (Flyball, 78M, EV 89.4 MPH)
Batting: LHB Chase Popoff 0-0: Ball
1-0: Ball
2-0: Called Strike
2-1: Foul Ball, location: 2F
2-2: Ball
3-2: Foul Ball, location: 2F
3-2: Grounds into double play, 4-6-3 (Groundball, 4, EV 98.1 MPH)
Bottom of the 3rd over - 0 runs, 1 hit, 0 errors, 0 left on base; Calgary 0 - Scranton 0
TOP OF THE 4TH
Calgary Lynx batting - Pitching for Scranton Supernovas : RHP Amando Codes
Batting: RHB Manny Moons 0-0: Ball
1-0: Ball
2-0: Fly out, F9 (Flyball, 9, EV 90.6 MPH)
Batting: RHB Gabriel Hernández 0-0: Ball
1-0: Called Strike
1-1: Foul Ball, location: 2F
1-2: Ball
2-2: Fly out, F9 (Flyball, 9S, EV 83.8 MPH)
Batting: RHB Isagani Gorre 0-0: Ball
1-0: Ball
2-0: Ball
3-0: Base on Balls
Batting: RHB Kevin Malone 0-0: Called Strike
0-1: Ball
Isagani Gorre steals 2nd base
1-1: Called Strike
1-2: Ball
2-2: SINGLE (Flyball, 89S, EV 94.4 MPH) - OUT at second base trying to stretch hit.
Isagani Gorre scores
Top of the 4th over - 1 run, 1 hit, 0 errors, 0 left on base; Calgary 1 - Scranton 0
BOTTOM OF THE 4TH
Scranton Supernovas batting - Pitching for Calgary Lynx : LHP Ángel Flores
Batting: RHB Juan Tellado 0-0: Ball
1-0: Ground out 5-3 (Groundball, 56S, EV 63.8 MPH)
Batting: LHB António Casas 0-0: Ball
1-0: Foul Ball, location: 2F
1-1: Ball
2-1: Ground out 4-3 (Groundball, 4M, EV 99.4 MPH)
Batting: SHB Eugene Clutch 0-0: Ball
1-0: Ball
2-0: Ball
3-0: Called Strike
3-1: Called Strike
3-2: Strikes out looking
Bottom of the 4th over - 0 runs, 0 hits, 0 errors, 0 left on base; Calgary 1 - Scranton 0
TOP OF THE 5TH
Calgary Lynx batting - Pitching for Scranton Supernovas : RHP Amando Codes
Batting: RHB Bertrand Pick 0-0: Called Strike
0-1: Foul Ball, location: 2F
0-2: Ground out 1-3 (Groundball, 15S, EV 68.1 MPH)
Batting: RHB Gabriel Torres 0-0: Ball
1-0: Ball
2-0: Ball
3-0: Called Strike
3-1: Swinging Strike
3-2: Foul Ball, location: 2F
3-2: SINGLE (Groundball, 4MD, EV 108.1 MPH)
Batting: LHB Michael Ward 0-0: Fielders Choice at 2nd, 4-6 (Groundball, 34, EV 102.5 MPH)
Batting: LHB Andrés Rodríguez 0-0: Called Strike
0-1: Called Strike
Michael Ward steals 2nd base (no throw)
0-2: Fly out, F8 (Flyball, 8RM, EV 88.1 MPH)
Top of the 5th over - 0 runs, 1 hit, 0 errors, 1 left on base; Calgary 1 - Scranton 0
BOTTOM OF THE 5TH
Scranton Supernovas batting - Pitching for Calgary Lynx : LHP Ángel Flores
Batting: RHB Felipe Bruno 0-0: Ball
1-0: Foul Ball, location: 2F
1-1: Ball
2-1: Called Strike
2-2: Foul Ball, location: 2F
2-2: Fly out, F8 (Flyball, 8RD, EV 90.6 MPH)
Batting: RHB José Rodríguez 0-0: Ball
1-0: Ground out 4-3 (Groundball, 34D, EV 90.6 MPH)
Batting: RHB Jeff Quesenberry 0-0: Ball
1-0: Foul Ball, location: 2F
1-1: Swinging Strike
1-2: Ball
2-2: Ground out 5-3 (Groundball, 5S, EV 70.0 MPH)
Bottom of the 5th over - 0 runs, 0 hits, 0 errors, 0 left on base; Calgary 1 - Scranton 0
TOP OF THE 6TH
Calgary Lynx batting - Pitching for Scranton Supernovas : RHP Amando Codes
Batting: RHB Ralph Sands 0-0: Ball
1-0: Ground out 1-3 (Groundball, P, EV 80.6 MPH)
Batting: RHB Manny Moons 0-0: Foul Ball, location: 2F
0-1: Ball
1-1: Swinging Strike
1-2: Ball
2-2: Fly out, F8 (Flyball, 8RM, EV 89.4 MPH)
Batting: RHB Gabriel Hernández 0-0: Ball
1-0: Foul Ball, location: 2F
1-1: Ground out 1-3 (Groundball, P, EV 65.6 MPH)
Top of the 6th over - 0 runs, 0 hits, 0 errors, 0 left on base; Calgary 1 - Scranton 0
BOTTOM OF THE 6TH
Scranton Supernovas batting - Pitching for Calgary Lynx : LHP Ángel Flores
Batting: RHB José Bravo 0-0: Called Strike
0-1: SINGLE (Line Drive, 4MD, EV 102.5 MPH)
Batting: RHB Mike Pate 0-0: Bunted foul
0-1: Sac Bunt to 5S - play at second, runner OUT! 5-6
Batting: LHB Chase Popoff 0-0: Fly out, F1 (Popup, 15, EV 73.1 MPH)
Batting: RHB Juan Tellado 0-0: Foul Ball, location: 2F
0-1: Ball
1-1: Ball
2-1: Called Strike
Mike Pate steals 2nd base
2-2: Ground out 5-3 (Groundball, 56S, EV 84.4 MPH)
Bottom of the 6th over - 0 runs, 1 hit, 0 errors, 1 left on base; Calgary 1 - Scranton 0
TOP OF THE 7TH
Calgary Lynx batting - Pitching for Scranton Supernovas : RHP Amando Codes
Batting: RHB Isagani Gorre 0-0: Called Strike
0-1: Ball
1-1: Swinging Strike
1-2: Strikes out swinging
Batting: RHB Kevin Malone 0-0: Called Strike
0-1: Called Strike
0-2: Foul Ball, location: 2F
0-2: Fly out, F8 (Line Drive, 8RD, EV 89.4 MPH)
Batting: RHB Bertrand Pick 0-0: Called Strike
0-1: Ball
1-1: DOUBLE (Line Drive, 7LM, EV 97.5 MPH)
Batting: RHB Gabriel Torres 0-0: Called Strike
0-1: Foul Ball, location: 2F
0-2: Foul Ball, location: 5F, Error on foul ball, E5
0-2: Ball
1-2: Ground out 1-3 (Groundball, 13S, EV 68.8 MPH)
Top of the 7th over - 0 runs, 1 hit, 1 error, 1 left on base; Calgary 1 - Scranton 0
BOTTOM OF THE 7TH
Scranton Supernovas batting - Pitching for Calgary Lynx : LHP Ángel Flores
Batting: LHB António Casas 0-0: Called Strike
0-1: Foul Ball, location: 2F
0-2: Ball
1-2: Foul Ball, location: 2F
1-2: Ball
2-2: Foul Ball, location: 2F
2-2: Fly out, F9 (Flyball, 9, EV 90.0 MPH)
Batting: SHB Eugene Clutch 0-0: Fly out, F8 (Flyball, 89D, EV 96.9 MPH)
Batting: RHB Felipe Bruno 0-0: Foul Ball, location: 2F
0-1: Ball
1-1: Fly out, F8 (Flyball, 8RD, EV 86.2 MPH)
Bottom of the 7th over - 0 runs, 0 hits, 0 errors, 0 left on base; Calgary 1 - Scranton 0
TOP OF THE 8TH
Calgary Lynx batting - Pitching for Scranton Supernovas : RHP Amando Codes
Batting: LHB Michael Ward 0-0: Ball
1-0: Foul Ball, location: 2F
1-1: SINGLE (Groundball, 34D, EV 103.1 MPH)
Pitching: RHP Malulani Anakone
Batting: LHB Andrés Rodríguez 0-0: Ball
1-0: SINGLE (Line Drive, 89S, EV 102.5 MPH)
Michael Ward to second
Batting: RHB Ralph Sands 0-0: Foul Ball, location: 2F
0-1: Called Strike
0-2: Foul Ball, location: 2F
0-2: Ball
1-2: Ball
2-2: Strikes out looking
Batting: RHB Manny Moons 0-0: Called Strike
0-1: Called Strike
0-2: Strikes out swinging
Batting: RHB Gabriel Hernández 0-0: Called Strike
0-1: Called Strike
0-2: Foul Ball, location: 2F
0-2: Ground out 1-3 (Groundball, 34S, EV 88.1 MPH)
Top of the 8th over - 0 runs, 2 hits, 0 errors, 2 left on base; Calgary 1 - Scranton 0
BOTTOM OF THE 8TH
Scranton Supernovas batting - Pitching for Calgary Lynx : LHP Ángel Flores
Batting: RHB José Rodríguez 0-0: Reached on error, E6 (Groundball, 56, EV 88.1 MPH)
Pinch Hitting: RHB Dam Son 0-0: Foul Ball, location: 2F
0-1: Ball
1-1: Swinging Strike
1-2: Ball
2-2: Ball
3-2: Foul Ball, location: 2F
3-2: Fly out, F9 (Flyball, 9LMF, EV 100.6 MPH)
Batting: RHB José Bravo 0-0: Foul Ball, location: 2F
0-1: Ball
1-1: Called Strike
1-2: Fly out, F5 (Line Drive, 5, EV 63.1 MPH)
Batting: RHB Mike Pate 0-0: Ground out 5-3 (Groundball, 5, EV 95.0 MPH)
Bottom of the 8th over - 0 runs, 0 hits, 1 error, 1 left on base; Calgary 1 - Scranton 0
TOP OF THE 9TH
Calgary Lynx batting - Pitching for Scranton Supernovas : RHP Malulani Anakone
Now at SS: Zacarías Salazar
Batting: RHB Isagani Gorre 0-0: Swinging Strike
0-1: Ball
1-1: SINGLE (Flyball, 7LS, EV 95.0 MPH)
Batting: RHB Kevin Malone 0-0: Ball
1-0: Ball
2-0: Ball
3-0: Base on Balls
Isagani Gorre to second
Batting: RHB Bertrand Pick 0-0: Called Strike
0-1: Called Strike
0-2: Ball
1-2: Reached on error, E3 (Groundball, 34, EV 86.2 MPH)
Isagani Gorre to third
Kevin Malone to second
Batting: RHB Gabriel Torres 0-0: Called Strike
0-1: Ball
1-1: Called Strike
1-2: Strikes out looking
Batting: LHB Michael Ward 0-0: Ball
1-0: Ball
2-0: Foul Ball, location: 2F
2-1: Ball
3-1: Base on Balls
Isagani Gorre scores
Kevin Malone to third
Bertrand Pick to second
Pitching: LHP Doppo Omikado
Batting: LHB Andrés Rodríguez 0-0: Called Strike
0-1: Ball
1-1: Foul Ball, location: 2F
1-2: Foul Ball, location: 2F
1-2: Fly out, F9 (Flyball, 9D, EV 93.8 MPH)
Runner from 3rd tags up, SCORES, throw by RF
Bertrand Pick to third
Batting: RHB Ralph Sands 0-0: Ball
1-0: Called Strike
1-1: Fielders Choice at 2nd, 5-4 (Groundball, 56, EV 86.2 MPH)
Top of the 9th over - 2 runs, 1 hit, 1 error, 2 left on base; Calgary 3 - Scranton 0
BOTTOM OF THE 9TH
Scranton Supernovas batting - Pitching for Calgary Lynx : LHP Ángel Flores
Batting: LHB Chase Popoff 0-0: Foul Ball, location: 2F
0-1: Ball
1-1: Swinging Strike
1-2: Ball
2-2: Foul Ball, location: 2F
2-2: Strikes out swinging, 2-3 out at first.
Batting: RHB Juan Tellado 0-0: Ball
1-0: Reached on error, E9 (Flyball, 9S, EV 90.0 MPH)
Pitching: RHP Wai-ho Fan
Batting: LHB António Casas 0-0: Fly out, F8 (Flyball, 8LM, EV 90.6 MPH)
Batting: SHB Eugene Clutch 0-0: Called Strike
0-1: Ball
1-1: Fly out, F5 (Popup, 5, EV 61.2 MPH)
Bottom of the 9th over - 0 runs, 0 hits, 1 error, 1 left on base; Calgary 3 - Scranton 0
Friday, April 17th, 2020 - OOTP Baseball 20.8 Build 74